 Dungeon Sprint DCSS version 0.24-a0-19-g0b81bb8f68 (webtiles) character file.

Game seed: 13325482398752745650

7 Denreik the Charmwright (level 2, -5/23 HPs)
             Began as a Gnoll Skald on Feb 1, 2019.
             Slain by a neqoxec (12 damage)
             ... in the Dungeon (Sprint II: "The Violet Keep of Menkaure").
             The game lasted 00:00:43 (270 turns).

Denreik the Charmwright (Gnoll Skald)                Turns: 270, Time: 00:00:43

Health: -5/23      AC:  3    Str: 13    XL:     2   Next: 0%
Magic:  8/8        EV: 14    Int: 15    God:
Gold:   243        SH:  0    Dex: 14    Spells: 10/11 levels left

rFire    . . .     SeeInvis .   a - +0 hand axe
rCold    . . .     Gourm    .   (no shield)
rNeg     . . .     Faith    .   b - +0 leather armour
rPois    .         Spirit   .   (no helmet)
rElec    .         Reflect  .   (no cloak)
rCorr    .         Harm     .   (no gloves)
MR       .....     NoTele   +   (no boots)
Stlth    +.........             (no amulet)
HPRegen  0.07/turn              (no ring)
MPRegen  0.11/turn              (no ring)

@: no status effects
A: distributed training, fangs 1, frail 1, strong nose
a: no special abilities


You were in the Dungeon.
You were not hungry.

You visited 1 branch You collected 243 gold pieces.

Inventory:

Hand Weapons
 a - a +0 hand axe (weapon)
Armour
 b - a +0 leather armour (worn)
Scrolls
 j - a scroll of blinking
Potions
 e - a potion of curing
 f - a potion of heal wounds
 g - a potion of haste
 h - 2 potions of magic
 i - a potion of berserk rage
Comestibles
 d - a ration


   Skills:
 + Level 4.6 Fighting
 + Level 1.0 Short Blades
 + Level 1.0 Long Blades
 + Level 4.6 Axes
 + Level 1.0 Maces & Flails
 + Level 1.0 Polearms
 + Level 1.0 Staves
 + Level 1.0 Slings
 + Level 1.0 Bows
 + Level 1.0 Crossbows
 + Level 1.0 Throwing
 + Level 2.7 Armour
 + Level 4.6 Dodging
 + Level 1.0 Stealth
 + Level 1.0 Shields
 + Level 1.0 Unarmed Combat
 + Level 5.0 Spellcasting
 + Level 0.7 Conjurations
 + Level 0.7 Hexes
 + Level 5.4 Charms
 + Level 0.7 Summonings
 + Level 0.7 Necromancy
 + Level 0.7 Translocations
 + Level 0.7 Transmutations
 + Level 0.7 Fire Magic
 + Level 0.7 Ice Magic
 + Level 0.7 Air Magic
 + Level 0.7 Earth Magic
 + Level 0.7 Poison Magic
 + Level 1.1 Invocations
 + Level 1.0 Evocations


You had 10 spell levels left.
You knew the following spells:

 Your Spells              Type           Power        Failure   Level  Hunger
a - Infusion              Chrm           ###.         2%          1    None

Your spell library contained the following spells:

 Spells                   Type           Power        Failure   Level  Hunger
 Song of Slaying          Chrm           ###.....     3%          2    ##.....
 Shroud of Golubria       Chrm/Tloc      ##........   9%          2    ##.....
 Regeneration             Chrm/Necr      ##........   17%         3    ###....
 Spectral Weapon          Hex/Chrm       ##......     17%         3    ###....


Dungeon Overview and Level Annotations

Branches:
Dungeon (1/1)

Altars:


Innate Abilities, Weirdness & Mutations

Your experience applies equally to all skills.
You have very sharp teeth.
Your uncanny sense of smell can sniff out nearby items.
You are frail. (-10% HP)


Message History

A neqoxec comes into view.
The neqoxec hits you! The shadow imp hits you.
You hit the neqoxec but do no damage. You bite the neqoxec, but do no damage.
The neqoxec is heavily wounded.
You hit the shadow imp.
You kill the shadow imp!
The neqoxec barely misses you.
You hit the neqoxec.
The neqoxec is heavily wounded.
The neqoxec hits you but does no damage.
You hit the neqoxec but do no damage.
The neqoxec is heavily wounded.
The neqoxec gestures at you.
Something tries to feed on your intellect!
You closely miss the neqoxec.
The neqoxec is heavily wounded.
The neqoxec gestures.
The neqoxec hits you!
Ouch! That really hurt!
You die...

∆ ## ## ∆
##$ .## .w
.. .#w #
#+# 5#
####.##3#
+##.'.<@3#
∆
#...##.###
##.###+#
### ∆ ∆ ∆
∆


You could see 2 neqoxecs and a white imp.

Vanquished Creatures
  2 worms (D)
2 creatures vanquished.

Vanquished Creatures (others)
  A crocodile (D)
1 creature vanquished.

Grand Total: 3 creatures vanquished

Notes
Turn   | Place    | Note
-------+----------+-------------------------------------------
     0 | D        | Denreik the Gnoll Skald began the quest for the Orb.
     0 | D        | Reached XP level 1. HP: 20/20 MP: 6/6
     9 | D        | Reached skill level 5 in Spellcasting
    15 | D        | Killed a crocodile
   141 | D        | Reached skill level 1 in Short Blades
   141 | D        | Reached skill level 1 in Long Blades
   141 | D        | Reached skill level 1 in Maces & Flails
   141 | D        | Reached skill level 1 in Polearms
   141 | D        | Reached skill level 1 in Staves
   141 | D        | Reached skill level 1 in Slings
   141 | D        | Reached skill level 1 in Bows
   141 | D        | Reached skill level 1 in Crossbows
   141 | D        | Reached skill level 1 in Throwing
   141 | D        | Reached skill level 1 in Stealth
   141 | D        | Reached skill level 1 in Shields
   141 | D        | Reached skill level 1 in Unarmed Combat
   141 | D        | Reached skill level 1 in Invocations
   141 | D        | Reached skill level 1 in Evocations
   141 | D        | Reached XP level 2. HP: 17/26 MP: 8/8
   255 | D        | Noticed a tyrant leech
   255 | D        | Noticed a tyrant leech
   258 | D        | Noticed a neqoxec
   263 | D        | Gained mutation: You are frail. (-10% HP) [a neqoxec]
   266 | D        | Noticed a neqoxec
   270 | D        | Slain by a neqoxec

Vault maps used:
D:        the_violet_keep_of_menkaure

Skill      XL: |  1 |
---------------+----+-----
Spellcasting   | 5 |  5.0
Short Blades   | 1 |  1.0
Long Blades    | 1 |  1.0
Maces & Flails | 1 |  1.0
Polearms       | 1 |  1.0
Staves         | 1 |  1.0
Slings         | 1 |  1.0
Bows           | 1 |  1.0
Crossbows      | 1 |  1.0
Throwing       | 1 |  1.0
Stealth        | 1 |  1.0
Shields        | 1 |  1.0
Unarmed Combat | 1 |  1.0
Invocations    | 1 |  1.1
Evocations     | 1 |  1.0
Fighting       | |  4.6
Axes           | |  4.6
Armour         | |  2.7
Dodging        | |  4.6
Conjurations   | |  0.7
Hexes          | |  0.7
Charms         | |  5.4
Summonings     | |  0.7
Necromancy     | |  0.7
Translocations | |  0.7
Transmutations | |  0.7
Fire Magic     | |  0.7
Ice Magic      | |  0.7
Air Magic      | |  0.7
Earth Magic    | |  0.7
Poison Magic   | |  0.7

Action                   || total
-------------------------++-------
Melee: Hand axe          ||    25
       Bite              ||     2
Armor: Leather armour    ||     1
Dodge: Dodged            ||     8

Table legend:
 A = Non-vault XP
 B = Vault XP
 C = Vault XP percentage of total XP
 D = Non-vault monster count
 E = Vault monster count
 F = Vault count percentage of total count
                 A         B        C        D         E       F
            +---------+---------+-------+---------+---------+-------
      Total |       0 |      10 | 100.0 |       0 |       2 | 100.0
            +---------+---------+-------+---------+---------+-------
          D |       0 |      10 | 100.0 |       0 |       2 | 100.0
            +---------+---------+-------+---------+---------+-------
